 Dungeon Crawl Stone Soup version 0.21.1-1-g345015fe64 (webtiles) character file.

121 Gargoyl the Skirmisher (level 4, -2/60 HPs)
             Began as a Centaur Abyssal Knight on Apr 1, 2018.
             Was a Believer of Lugonu.
             Killed from afar by syranez's ghost (9 damage)
             ... with a flame tongue
             ... on level 3 of the Dungeon.
             The game lasted 00:03:19 (2518 turns).

Gargoyl the Skirmisher (Centaur Abyssal Knight)     Turns: 2518, Time: 00:03:20

Health: -2/60      AC:  8    Str: 20    XL:     4   Next: 76%
Magic:  6/6        EV:  8    Int: 11    God:    Lugonu [**....]
Gold:   85         SH:  0    Dex:  9    Spells: 3/3 levels left

rFire    . . .     SeeInvis .   a - +1 hand axe
rCold    . . .     Gourm    .   (no shield)
rNeg     . . .     Faith    .   d - +3 ring mail
rPois    .         Spirit   .   (no helmet)
rElec    .         Reflect  .   (no cloak)
rCorr    .         Harm     .   (no gloves)
MR       .....                  (no barding)
Stlth    ..........             (no amulet)
HPRegen  0.20/turn              (no ring)
MPRegen  0.10/turn              (no ring)

@: berserking, very quick
A: large, hooves 3, deformed body, speed 2, tough skin 3
a: Depart the Abyss, Bend Space, Renounce Religion


You were on level 3 of the Dungeon.
You worshipped Lugonu.
Lugonu was pleased with you.
You were not hungry.

You visited 1 branch of the dungeon, and saw 4 of its levels.
You visited the Abyss 1 time.

You collected 85 gold pieces.

Inventory:

Hand Weapons
 a - a +1 hand axe (weapon)
Missiles
 f - 4 tomahawks (quivered)
Armour
 b - a +0 leather armour
 d - a +3 ring mail (worn)
 k - a +0 pair of gloves
Scrolls
 g - 2 scrolls of remove curse
Potions
 e - a potion of might
 j - a potion of haste {unknown}
Comestibles
 c - 6 rations
 h - a chunk of flesh


   Skills:
 + Level 3.6 Fighting
 + Level 2.8 Axes
 * Level 2.1 Armour
 + Level 1.0 Dodging
 * Level 2.8 Invocations


You had 3 spell levels left.
You didn't know any spells.

Dungeon Overview and Level Annotations

Branches:
Dungeon (4/15)
 Temple: D:4-7

Altars:
Ru

Annotations:
D:3 syranez's ghost, amateur OpFE


Innate Abilities, Weirdness & Mutations

You have hooves in place of feet.
Armour fits poorly on your strangely shaped body.
You cover ground very quickly.
You have extremely tough skin. (AC +3)


Message History

Lugonu accepts your kill.
You hit the orc but do no damage. You completely miss something.
You closely miss syranez's ghost. Syranez's ghost hits you.
* * * LOW HITPOINT WARNING * * *
The orc hits you but does no damage. Something hits you but does no damage.
Unknown command.
It was a potion of berserk rage.
A red film seems to cover your vision as you go berserk!
You feel yourself moving faster!
You feel mighty!
You feel less confused. Syranez's ghost casts a spell at you.
The flame tongue misses you. The orc hits you.
* * * LOW HITPOINT WARNING * * *
Something hits you.
* * * LOW HITPOINT WARNING * * *
You closely miss something. Your kick misses something.
You completely miss the orc. You hit syranez's ghost.
Syranez's ghost casts a spell at you. The flame tongue hits you!
You die...

...........#...
............#....
.................
<................
.................
.....o.......... ....
........(......# ..#..
........)o.)#### .....
.......W@{)((.######..... .
##........####.....%...... #.
.......(................. ##..
##...........#..........#
%...####...(........#.......#..
....................#.......#
.........(..........#.......# #
o.......(..................†#...
o........#.................>#.##


You could see an orc wizard, syranez's ghost and an orc.

Vanquished Creatures
  An orc priest (D:2)
  3 adders
  2 worms (D:2)
  A dart slug (D:1)
  6 orcs
  11 bats
  3 giant cockroaches
  4 goblins
  5 hobgoblins
  A quokka (D:2)
  A ball python (D:4)
  4 frilled lizards
  5 kobolds
  5 rats
52 creatures vanquished.

Notes
Turn   | Place    | Note
-------+----------+-------------------------------------------
     0 | Abyss:1  | Gargoyl the Centaur Abyssal Knight began the quest for the Orb.
     0 | Abyss:1  | Reached XP level 1. HP: 19/19 MP: 2/2
   112 | Abyss:1  | Found a corrupted altar of Lugonu.
   133 | Abyss:1  | Noticed a glowing orange brain
   134 | D:1      | Escaped the Abyss
   187 | D:1      | Reached * piety under Lugonu
   240 | D:1      | Reached XP level 2. HP: 8/26 MP: 3/3
  1409 | D:2      | Reached XP level 3. HP: 21/31 MP: 4/4
  1523 | D:2      | Found a sacrificial altar of Ru.
  1799 | D:2      | Reached XP level 4. HP: 6/39 MP: 4/6
  2079 | D:2      | Reached skill level 1 in Dodging
  2285 | D:3      | You fall through a shaft!
  2293 | D:4      | Reached ** piety under Lugonu
  2509 | D:3      | Noticed syranez's ghost (amateur OpFE)
  2518 | D:3      | Killed from afar by syranez's ghost

Skill      XL: |  1  2  3  4 |
---------------+-------------+-----
Axes           | 2 |  2.8
Armour         | 2 |  2.1
Dodging        | 1 |  1.0
Fighting       | |  3.6
Invocations    | |  2.8

Action                   |  1- 3 |  4- 6 || total
-------------------------+-------+-------++-------
Melee: Hand axe          |    83 |    61 ||   144
       Kick              |    10 |     8 ||    18
Throw: Tomahawk          |       |     2 ||     2
Invok: Depart the Abyss  |     1 |       ||     1
  Use: Scroll            |     3 |       ||     3
       Potion            |       |     1 ||     1
  Eat: Chunk             |     1 |       ||     1
       Ration            |       |     1 ||     1
Armor: Ring mail         |    78 |    70 ||   148
Dodge: Dodged            |    47 |    45 ||    92
